AoeStats
← bumbsbomba74

Black Forest

509717178Analyzed
4v4 RM · 5d ago on Sep 27, 2026· 86m 38s· 8 players
Game mode
Random Map
Map size
Large (8 player)
Population
200
Speed
Normal
Resources
Standard
Victory
Conquest
Starting age
Dark Age
Ending age
Imperial Age
RankedLock teamsTeams togetherTeam positionsShared explorationLock speedFull tech treeHidden civsTurbo modeCheats
Victory
Defeat
🇳🇱 Danes · Netherlands
1265
+13
🇩🇪 Vietnamese · Germany
1204
+16
🇺🇸 Teutons · United States
1152
+18
🇩🇪 Inca · Germany
1134
+20
🇱🇻 Britons · Latvia
1216
-17
🇦🇷 Khmer · Argentina
1203
-17
🇺🇸 Persians · United States
1201
-17
🇵🇪 Danes · Peru
1191
-16
nprhino_aoe
1:58 Loom
13:14 Feudal Age
15:53 Town Watch
19:05 Castle Age
17:18 Double-Bit Axe
19:06 Horse Collar
20:01 Bow Saw
19:53 Heavy Plow
22:36 Fletching
27:02 Wheelbarrow
28:55 Bodkin Arrow
29:37 Masonry
29:26 Gold Mining
33:41 Imperial Age
35:01 Chemistry
34:35 Conscription
34:30 Padded Archer Armor
36:44 Leather Archer Armor
37:23 Architecture
39:28 Pikeman
40:16 Halberdier
40:57 Scale Mail Armor
43:27 Chain Mail Armor
43:23 Forging
43:15 Squires
44:59 Plate Mail Armor
45:43 Iron Casting
46:48 Scale Barding Armor
49:02 Bloodlines
48:53 Husbandry
48:16 Cavalier
49:43 Chain Barding Armor
50:24 Blast Furnace
49:20 Stone Mining
50:02 Caravan
51:25 Hand Cart
51:06 Savar
56:44 Plate Barding Armor
55:45 Light Cavalry
56:40 Hussar
62:47 Kamandaran
63:16 Ballistics
63:49 Ring Archer Armor
63:13 Crossbowman
67:59 Fishing Lines
Braian
0:36 Loom
17:47 Feudal Age
19:21 Double-Bit Axe
21:27 Horse Collar
24:14 Wheelbarrow
28:12 Castle Age
25:56 Fishing Lines
33:05 Imperial Age
30:49 Bloodlines
30:41 Husbandry
31:01 Gillnets
33:36 Scale Barding Armor
33:42 Forging
36:06 Gold Mining
37:26 Iron Casting
36:25 Light Cavalry
37:37 Chain Barding Armor
39:12 Blast Furnace
43:17 Plate Barding Armor
46:27 Hand Cart
46:41 Tusk Swords
47:28 Fletching
47:29 Elite Battle Elephant
49:21 Conscription
52:17 Gold Shaft Mining
54:48 Caravan
55:45 Heavy Scorpion
58:40 Chemistry
65:47 Hussar
71:17 Double Crossbow
72:16 Siege Engineers
75:08 Ballistics
86:13 Bow Saw
Duke Of Sudan
11:13 Feudal Age
10:32 Loom
15:48 Castle Age
14:06 Double-Bit Axe
18:08 Horse Collar
19:36 Heavy Plow
22:28 Wheelbarrow
22:15 Stone Mining
22:51 Gold Mining
24:56 Hand Cart
25:00 Town Watch
26:06 Fletching
26:19 Padded Archer Armor
30:07 Imperial Age
27:43 Bodkin Arrow
30:27 Gold Shaft Mining
30:54 Leather Archer Armor
30:13 Capped Ram
32:07 Chemistry
31:36 Bracer
32:26 Conscription
32:54 Elite Longbowman
34:21 Yeomen
34:46 Ring Archer Armor
38:31 Ballistics
41:29 Pikeman
42:09 Squires
41:55 Arson
42:14 Scale Mail Armor
42:25 Forging
44:01 Halberdier
45:01 Chain Mail Armor
45:22 Iron Casting
48:48 Blast Furnace
48:19 Plate Mail Armor
48:56 Warwolf
49:08 Siege Engineers
51:24 Bow Saw
65:25 Fortified Wall
71:49 Caravan
Pepe el Pollo
0:44 Loom
11:49 Feudal Age
12:20 Double-Bit Axe
17:32 Castle Age
16:10 Horse Collar
18:19 Wheelbarrow
19:03 Bow Saw
19:56 Fletching
23:00 Hand Cart
22:33 Town Watch
23:32 Heavy Plow
30:33 Imperial Age
28:19 Gold Mining
28:41 Thumb Ring
29:32 Ballistics
29:16 Bodkin Arrow
29:22 Padded Archer Armor
32:14 Gold Shaft Mining
32:52 Chemistry
31:58 Husbandry
32:34 Stone Mining
33:18 Bracer
33:30 Bloodlines
33:08 Cranequins
36:00 Heavy Mounted Crossbowman
37:55 Caravan
39:36 Leather Archer Armor
43:56 Siege Engineers
44:02 Masonry
47:12 Ring Archer Armor
50:42 Squires
50:28 Gambesons
50:29 Arson
50:04 Elite Varangian Guard
52:04 Scale Mail Armor
52:14 Forging
53:04 Conscription
54:21 Hamask
55:19 Chain Mail Armor
55:39 Iron Casting
57:29 Plate Mail Armor
59:16 Blast Furnace
67:26 Capped Ram
68:15 Heavy Scorpion
72:28 Pikeman
74:28 Onager
76:01 Halberdier
76:36 Siege Onager
harris
10:01 Feudal Age
14:56 Castle Age
12:55 Double-Bit Axe
13:28 Horse Collar
15:51 Bow Saw
15:42 Heavy Plow
19:49 Wheelbarrow
21:01 Hand Cart
23:11 Gold Mining
28:44 Imperial Age
27:57 Forging
27:53 Scale Barding Armor
27:48 Stone Mining
29:12 Bloodlines
28:57 Cavalier
29:51 Guilds
30:35 Stone Shaft Mining
31:30 Two-Man Saw
31:01 Crop Rotation
31:44 Iron Casting
31:29 Chain Barding Armor
33:56 Blast Furnace
34:45 Paladin
36:33 Plate Barding Armor
37:17 Fletching
37:28 Padded Archer Armor
38:48 Chemistry
38:08 Ballistics
40:34 Elite Skirmisher
42:20 Bodkin Arrow
48:47 Leather Archer Armor
50:29 Conscription
54:18 Pikeman
54:58 Squires
55:05 Scale Mail Armor
55:35 Ring Archer Armor
55:56 Halberdier
64:31 Chain Mail Armor
70:52 Caravan
80:46 Plate Mail Armor
Theurarthur
0:55 Loom
13:31 Feudal Age
17:51 Double-Bit Axe
21:21 Castle Age
21:03 Gold Mining
22:30 Fishing Lines
27:21 Imperial Age
26:58 Fletching
29:32 Gillnets
29:39 Stone Mining
31:23 Bodkin Arrow
34:13 Horse Collar
35:08 Bracer
34:42 Onager
39:00 Pikeman
39:03 Capped Ram
39:04 Siege Onager
39:56 Bow Saw
42:16 Wheelbarrow
41:05 Elite Varangian Guard
41:31 Gambesons
41:48 Scale Mail Armor
41:59 Forging
42:19 Conscription
44:13 Chemistry
43:33 Ballistics
43:51 Chain Mail Armor
44:11 Iron Casting
44:21 Heavy Plow
46:10 Siege Engineers
47:12 Plate Mail Armor
47:43 Blast Furnace
46:46 Squires
50:16 Northmen's Fury
51:39 Hand Cart
51:35 Siege Ram
54:49 Padded Archer Armor
54:20 Halberdier
57:25 Caravan
62:22 Coinage
61:57 Arson
65:33 Banking
67:17 Heavy Scorpion
74:15 Hamask
Tada
1:38 Loom
15:39 Feudal Age
19:42 Castle Age
21:28 Double-Bit Axe
22:40 Town Watch
23:00 Horse Collar
25:51 Bow Saw
26:47 Wheelbarrow
27:45 Padded Archer Armor
27:35 Fletching
28:45 Heavy Plow
28:29 Fishing Lines
30:07 Hand Cart
29:51 Gillnets
32:12 Man-at-Arms
35:30 Imperial Age
33:06 Gold Mining
33:11 Stone Mining
33:22 Bodkin Arrow
33:43 Leather Archer Armor
33:49 Elite Skirmisher
35:34 Imperial Skirmisher
36:47 Ring Archer Armor
36:18 Bracer
36:27 Scale Barding Armor
36:33 Forging
36:41 Thumb Ring
37:53 Chemistry
37:14 Ballistics
37:57 Chemistry
36:36 Pikeman
37:16 Squires
37:19 Scale Mail Armor
37:40 Chain Barding Armor
37:57 Bloodlines
37:10 Elite Battle Elephant
37:56 Husbandry
39:19 Chatras
40:44 Treadmill Crane
46:10 Plate Barding Armor
46:17 Iron Casting
47:08 Bombard Tower
46:44 Murder Holes
46:55 Siege Engineers
48:08 Guard Tower
48:04 Arrowslits
48:38 Chain Mail Armor
49:02 Coinage
51:00 Plate Mail Armor
51:18 Banking
51:40 Caravan
55:07 Onager
57:03 Light Cavalry
60:05 Paper Money
63:49 Halberdier
68:29 Two-Man Saw
75:51 Elite Rattan Archer
77:07 Hoardings
81:40 Guilds
bumbsbomba74
1:34 Loom
14:40 Feudal Age
15:06 Double-Bit Axe
15:02 Horse Collar
15:10 Horse Collar
21:23 Castle Age
22:29 Bow Saw
22:24 Heavy Plow
28:02 Wheelbarrow
29:57 Hand Cart
30:18 Stone Mining
30:22 Gold Mining
33:39 Imperial Age
31:24 Gold Mining
32:09 Scale Mail Armor
32:59 Squires
33:11 Forging
32:42 Champi Runner
33:38 Chain Mail Armor
35:02 Iron Casting
35:30 Plate Mail Armor
34:22 Champi Warrior
37:07 Pikeman
42:04 Conscription
43:24 Elite Champi Warrior
48:40 Gold Shaft Mining
47:56 Stone Mining
48:45 Gold Shaft Mining
48:35 Ballistics
49:16 Chemistry
48:07 Fletching
48:18 Padded Archer Armor
48:06 Elite Skirmisher
49:04 Bodkin Arrow
49:06 Imperial Skirmisher
50:45 Bracer
51:02 Leather Archer Armor
50:53 Thumb Ring
51:25 Andean Sling
51:54 Siege Engineers
51:43 Elite Kamayuk
62:37 Caravan
66:01 Ring Archer Armor
67:07 Halberdier
67:19 Elite Champi Warrior
69:43 Fabric Shields
70:29 Iron Casting
72:10 Blast Furnace
71:16 Halberdier
84:51 Capped Ram
85:42 Siege Ram
Connection lost

Rejoining the realm…

Still unreachable

The connection could not be restored.

Session expired

The server has moved on; the page needs a fresh start.